 Dungeon Crawl Stone Soup version 0.28.0-55-gcd9437bce4 (webtiles) character file.

Game seed: 15156451387257424850

97 tkbsonic5 the Magician (level 4, -2/24 HPs)
             Began as a Deep Elf Air Elementalist on Dec 15, 2022.
             Killed from afar by Sigmund (6 damage)
             ... with a magic dart
             ... on level 2 of the Dungeon on Dec 16, 2022.
             The game lasted 00:13:44 (2524 turns).

tkbsonic5 the Magician (Deep Elf Air Elementalist)  Turns: 2524, Time: 00:13:45

Health: -2/24      AC:  3    Str:  7    XL:     4   Next: 42%
Magic:  11/12      EV: 12    Int: 22    God:
Gold:   62         SH:  0    Dex: 15    Spells: 1/11 levels left

rFire   . . .      SeeInvis .   f - +1 rapier (venom)
rCold   . . .      Faith    .   (no shield)
rNeg    . . .      Spirit   .   a - +0 robe
rPois   +          Reflect  .   (no helmet)
rElec   .          Harm     .   g - +0 cloak
rCorr   .          Rampage  .   (no gloves)
Will    .....                   (no boots)
Stlth   +.........              (no amulet)
HPRegen 0.08/turn               (no ring)
MPRegen 0.13/turn               (no ring)

@: confused
A: poison resistance, strong 1, evolution 1
a: no special abilities


You were on level 2 of the Dungeon.
You visited 1 branch of the dungeon, and saw 2 of its levels.

You collected 62 gold pieces.

Inventory:

Hand Weapons
 e - a +0 short sword
 f - a +1 rapier of venom (weapon)
 h - a +0 short sword of venom
Armour
 a - a +0 robe (worn)
 c - a +0 scale mail
 g - a +0 cloak (worn)
 l - a +0 ring mail
Scrolls
 i - a scroll of silence
 k - a scroll of identify
 m - 2 scrolls of teleportation {unknown}
Potions
 d - a potion of magic


   Skills:
 - Level 0.2 Fighting
 - Level 0.7 Short Blades
 - Level 2.4 Dodging
 - Level 2.5 Stealth
 * Level 4.3 Spellcasting
 + Level 2.2 Conjurations
 * Level 4.0 Air Magic


You had one spell level left.
You knew the following spells:

 Your Spells              Type           Power      Damage    Failure   Level
a - Shock                 Conj/Air       72%        1d7       3%          1
b - Static Discharge      Conj/Air       18%        N/A       4%          2
c - Swiftness             Air            22%        N/A       6%          3
d - Airstrike             Air            11%        N/A       22%         4

Your spell library contained the following spells:

 Spells                   Type           Power      Damage    Failure   Level


Dungeon Overview and Level Annotations

Branches:
Dungeon (2/15)

Altars:

Annotations:
D:2 Sigmund


Innate Abilities, Weirdness & Mutations

Your system is resistant to poisons. (rPois)
Your muscles are strong. (Str +2)
You have hidden genetic potential.


Message History

An endoplasm comes into view.
You close the door.
Sigmund opens the door.
You close the door.
Sigmund opens the door.
Sigmund seems to be listening.
Magic scrolls do not work when you're silenced!
Okay, then.
You aren't carrying any items that you can evoke.
It was a potion of flight.
You feel very buoyant.
You fly up into the air.
Sigmund closely misses you.
You hit Sigmund but do no damage.
Sigmund is moderately wounded.
Sigmund hits you with a +0 scythe!
You hit Sigmund.
Sigmund is poisoned.
Sigmund is heavily wounded.
Sigmund hits you with a +0 scythe!
Ouch! That really hurt!
* * * LOW HITPOINT WARNING * * *
There is an open door here.
You feel better. Sigmund casts a spell at you. You resist with some effort.
Sigmund gestures at you while chanting. The magic dart hits you.
* * * LOW HITPOINT WARNING * * *
Okay, then.
It was a potion of cancellation.
Your magical effects are unravelling.
You feel magically purged.
You float gracefully downwards.
Your hearing returns.
Sigmund gestures at you while chanting.
You are confused.
It was a potion of mutation.
You feel extremely strange.
You feel stronger.
You feel resistant to poisons.
You feel a hidden potential growing inside you.
Okay, then.
Sigmund looks more healthy.
Sigmund points at you and mumbles some strange words.
The magic dart hits you.
You die...

..... #...#
#............ ....
###.# #############
....####'######
#...........##
#.............#
##............# #.....
#....@.......# #..... #
######............#
#..... #
#....'...@........#
#..... #
#)####.........####
#.....
########.#..'.........#
#.....
#........#.##.........#
#.....
#.######.#.##...<.....#
##.....
#.#......#.##.........#
#......
#.#.####.#.##.........#
#...... .....#
#.#.############
#...... ..#..###.#.#
###†.....


You could see Sigmund.

Vanquished Creatures
  5 adders (D:2)
  A worm (D:2)
  2 dart slugs
  A giant cockroach (D:2)
  3 hobgoblins
  2 jackals (D:1)
  4 kobolds
  5 quokkas
  8 ball pythons
  A bat (D:1)
  3 frilled lizards
  6 goblins
  5 rats
46 creatures vanquished.

Notes
Turn   | Place    | Note
-------+----------+-------------------------------------------
     0 | D:1      | tkbsonic5 the Deep Elf Air Elementalist began the quest for
                  | the Orb.
     0 | D:1      | Reached XP level 1. HP: 10/10 MP: 6/6
   375 | D:1      | Reached XP level 2. HP: 7/15 MP: 1/8
   442 | D:1      | Learned a level 2 spell: Static Discharge
   793 | D:1      | Found a faded altar of an unknown god.
  1088 | D:1      | Reached XP level 3. HP: 18/19 MP: 7/10
  1092 | D:1      | Learned a level 3 spell: Swiftness
  1839 | D:2      | Reached XP level 4. HP: 24/24 MP: 10/12
  2045 | D:2      | Learned a level 4 spell: Airstrike
  2500 | D:2      | Noticed Sigmund
  2522 | D:2      | Gained mutation: Your muscles are strong. (Str +2) [potion
                  | of mutation]
  2522 | D:2      | Gained mutation: Your system is resistant to poisons.
                  | (rPois) [potion of mutation]
  2522 | D:2      | Gained mutation: You have hidden genetic potential. [potion
                  | of mutation]
  2524 | D:2      | Killed from afar by Sigmund

Illustrated notes

Levels and vault maps discovered:
D:1:      minmay_arrival_semitransparent, layout_rooms,
          dreamdust_ecumenical_altar_hidden_monk_grotto
D:2:      layout_basic, minmay_snake_closets, uniq_crazy_yiuf_cottage,
          uniq_sigmund

Skill      XL: |  1  2  3  4 |
---------------+-------------+-----
Conjurations   | 2 |  2.2
Spellcasting   | 4 |  4.3
Air Magic      | 4 |  4.0
Fighting       | |  0.2
Short Blades   | |  0.7
Dodging        | |  2.4
Stealth        | |  2.5

Action                   |  1- 3 |  4- 6 || total
-------------------------+-------+-------++-------
Melee: Unarmed           |     4 |       ||     4
       Short sword       |     1 |       ||     1
       Rapier            |     5 |     2 ||     7
 Cast: Shock             |    52 |    16 ||    68
       Static Discharge  |     7 |     5 ||    12
       Airstrike         |       |     1 ||     1
  Use: Scroll            |     4 |     2 ||     6
       Potion            |       |     4 ||     4
 Stab: Sleeping          |     2 |       ||     2
Armor: Robe              |     3 |       ||     3
Dodge: Dodged            |    16 |     1 ||    17
